Map: Ruby Rock LE

Players

LiquidClem (Clem) - Winner!

  • Race: Terran Terran
  • League: Grandmaster
  • Spawn Location: 11:00

Harstem

  • Race: Protoss Protoss
  • League: Grandmaster
  • Spawn Location: 5:00

VOD

Have the link to the VOD?

Description

Time

  • Played on: Jan. 31, 2026, 8:18 a.m.
  • Length: 6:29
Show
View Real Time Build Order
Export as new Build Order

LiquidClem Terran - Winner!

Build Orders: Cyclone Opening 

Get SALT Encoding   

  12  0:00  SCV  
  13  0:12  SCV  
  14  0:16  Supply Depot  
  14  0:24  SCV  
  15  0:38  SCV  
  15  0:39  Barracks  
  16  0:43  Refinery  
  16  0:50  SCV  
  17  1:02  SCV  
  18  1:14  SCV  
  19  1:26  Orbital Command  
  20  1:34  Command Center  
  20  1:36  Marine  
  20  1:47  Factory  
  20  1:52  SCV  
  21  1:55  Barracks Tech Lab  
  21  2:01  Supply Depot  
  21  2:04  SCV  
  22  2:12  Refinery  
  22  2:16  SCV  
  24  2:26  Barracks  
  24  2:28  SCV  
  27  2:37  Cyclone  
  27  2:40  SCV  
  27  2:43  Barracks Reactor  
  28  2:46  Orbital Command  
  28  2:52  SCV  
  29  3:04  SCV  
  30  3:06  Barracks  
  30  3:12  SCV  
  31  3:17  SCV  
  32  3:20  Marine x2  
  32  3:23  Marine  
  32  3:24  SCV  
  32  3:25  Stimpack  
  36  3:28  Engineering Bay  
  36  3:29  SCV  
  36  3:31  Factory Tech Lab  
  37  3:35  Supply Depot  
  37  3:36  SCV  
  37  3:38  Marine x2  
  40  3:41  Marine, SCV  
  40  3:48  SCV  
  43  3:53  SCV  
  44  3:56  Marine  
  44  4:00  SCV  
  44  4:02  Starport, Terran Infantry Weapons Level 1  
  46  4:04  Factory Reactor, Supply Depot  
  46  4:06  Marine  
  46  4:07  SCV  
  46  4:08  Marine  
  49  4:10  Marine  
  49  4:12  SCV  
  49  4:15  Combat Shield  
  51  4:19  Marine, SCV  
  51  4:23  Marine  
  54  4:25  Supply Depot  
  54  4:26  SCV  
  54  4:30  Refinery  
  55  4:31  SCV  
  55  4:32  Marauder  
  55  4:35  Marauder  
  60  4:38  SCV  
  60  4:43  SCV, Supply Depot  
  62  4:47  Marine x2  
  62  4:49  Medivac  
  62  4:51  SCV  
  67  4:56  SCV, Medivac  
  67  4:59  Refinery  
  70  5:02  Supply Depot  
  70  5:05  SCV, Marauder x2  
  75  5:08  Supply Depot, SCV  
  75  5:09  Marine  
  75  5:11  Marine  
  75  5:13  Concussive Shells  
  78  5:16  Factory Reactor  
  78  5:19  SCV  
  78  5:24  SCV  
  78  5:27  Marauder, Marine  
  82  5:29  Marine  
  82  5:31  Marauder  
  82  5:32  SCV  
  82  5:35  Supply Depot  
  86  5:40  Medivac  
  86  5:41  Medivac  
  91  5:45  Marine  
  91  5:47  Command Center  
  91  5:55  Marauder  
  91  5:56  Marine, Supply Depot  
  94  5:58  Marauder  
  96  6:04  Barracks  
  96  6:06  Barracks  
  96  6:09  Marine  
Show
View Real Time Build Order
Export as new Build Order

Harstem Protoss 

Build Orders: 1 Gate Expand, Phoenix Opening, Blink Stalkers, Colossus Rush 

Get SALT Encoding   

  12  0:00  Probe  
  13  0:12  Probe  
  14  0:17  Pylon  
  14  0:24  Probe  
  15  0:32  Probe  
  15  0:35  Gateway  
  15  0:40  Probe  
  16  0:46  Assimilator  
  17  0:51  Probe  
  18  1:03  Probe  
  19  1:15  Probe  
  20  1:22  Nexus  
  20  1:30  Cybernetics Core  
  20  1:32  Probe  
  21  1:37  Assimilator  
  21  1:44  Probe  
  22  1:47  Pylon  
  22  1:56  Adept, Probe  
  23  2:04  Probe  
  23  2:06  Warp Gate  
  26  2:12  Probe  
  26  2:15  Twilight Council  
  27  2:23  Probe  
  27  2:26  Adept  
  30  2:32  Probe  
  30  2:35  Probe  
  32  2:40  Probe  
  32  2:41  Blink  
  32  2:47  Probe  
  32  2:48  Probe  
  34  2:55  Stalker  
  35  2:59  Probe  
  35  3:02  Probe  
  39  3:11  Probe  
  40  3:12  Gateway  
  40  3:17  Probe  
  41  3:20  Pylon  
  41  3:23  Probe  
  40  3:29  Probe  
  40  3:31  Gateway  
  41  3:35  Probe  
  43  3:41  Probe  
  43  3:48  Probe, Assimilator  
  44  3:52  Assimilator  
  44  3:53  Probe  
  44  3:55  Stalker  
  47  3:58  Phoenix  
  47  4:00  Probe  
  46  4:03  Robotics Facility  
  46  4:05  Probe  
  46  4:09  Sentry, Pylon  
  49  4:12  Probe  
  49  4:16  Nexus  
  50  4:17  Probe  
  50  4:20  Pylon  
  51  4:24  Probe  
  51  4:25  Stalker  
  51  4:29  Probe  
  55  4:31  Stalker  
  55  4:35  Stalker  
  55  4:37  Probe  
  60  4:43  Pylon  
  60  4:46  Observer  
  60  4:48  Probe  
  60  4:50  Robotics Bay  
  60  4:52  Stalker  
  64  4:55  Stalker  
  64  4:56  Probe  
  67  5:02  Probe  
  67  5:04  Observer  
  68  5:07  Pylon  
  68  5:08  Probe  
  68  5:13  Stalker  
  72  5:14  Probe  
  72  5:16  Pylon  
  72  5:21  Probe, Stalker  
  76  5:22  Colossus  
  76  5:27  Probe  
  77  5:29  Pylon  
  77  5:38  Shield Battery  
  77  5:40  Sentry, Zealot  
  87  5:44  Probe  
  87  5:46  Probe  
  87  5:47  Zealot  
  87  5:49  Probe  
  92  5:56  Probe  
  93  5:58  Probe  
  93  6:00  Forge, Shield Battery  
  93  6:01  Probe  
  93  6:02  Zealot  
  97  6:11  Pylon  
  97  6:15  Stalker x2  
Tags
 
Add a new tag
Caveats
  • Supply blocks, unpowered buildings, or Contaminate may cause inaccurate times.
  • Supply counts are checked every 10 seconds.